 Dungeon Crawl Stone Soup version 0.30-a0-414-gcb316572d5 (webtiles) character file.

Game seed: 7633018646827895910

88 p00ps00p the Trooper (level 4, -12/41 HPs)
             Began as a Hill Orc Fighter on Dec 8, 2022.
             Was an Initiate of Gozag.
             Mangled by an iguana (14 damage)
             ... on level 5 of the Dungeon.
             The game lasted 00:03:16 (1885 turns).

p00ps00p the Trooper (Hill Orc Fighter)             Turns: 1885, Time: 00:03:16

Health: -12/41     AC:  2    Str: 20    XL:     4   Next: 54%
Magic:  4/4        EV:  5    Int:  8    God:    Gozag
Gold:   99         SH: 13    Dex: 10    Spells: 3/3 levels left

rFire   . . .      SeeInvis .    a - +1 war axe
rCold   . . .      Faith    .    m - +1 tower shield
rNeg    . . .      Spirit   .    b - +0 scale mail
rPois   .          Reflect  .    o - +0 helmet
rElec   .          Harm     .    r - +0 cloak
rCorr   .          Rampage  .    x - +0 pair of gloves
Will    .....                    (no boots)
Stlth   ..........               (no amulet)
HPRegen 0.26/turn                (no ring)
MPRegen 0.09/turn                (no ring)

@: lethally poisoned (-12 -> -15), corroded
A: no striking features
a: Renounce Religion, Potion Petition, Call Merchant, Bribe Branch


You were on level 5 of the Dungeon.
You worshipped Gozag.
Gozag was noncommittal.
You visited 1 branch of the dungeon, and saw 4 of its levels.

You collected 161 gold pieces.
You paid 62 gold pieces to Gozag.

Inventory:

Hand Weapons
 a - a +1 war axe (weapon)
Missiles
 i - a throwing net (quivered)
Armour
 b - a +0 scale mail (worn)
 c - a +0 buckler
 m - a +1 tower shield (worn)
 o - a +0 helmet (worn)
 r - a +0 cloak (worn)
 x - a +0 pair of gloves (worn)
Jewellery
 q - a ring of resist corrosion
Wands
 v - a wand of roots (9)
 w - a wand of flame (20)
Scrolls
 g - a scroll of identify
 k - a scroll of immolation
 n - a scroll of noise
 s - a scroll of torment
 t - a scroll of vulnerability {unknown}
Potions
 d - 2 potions of might
 e - a potion of magic {unknown}
 f - a potion of ambrosia {unknown}
 h - a potion of heal wounds {unknown}
 j - 3 potions of curing {unknown}
 l - 4 potions of lignification {unknown}
 p - a potion of invisibility {unknown}
 u - 2 potions of attraction {unknown}


   Skills:
 + Level 4.5 Fighting
 + Level 3.8 Axes
 + Level 4.0 Armour
 + Level 3.9 Shields


You had 3 spell levels left.
You didn't know any spells.
Your spell library contained the following spells:

 Spells                   Type           Power      Damage    Failure   Level
 Magic Dart               Conj           0%         1d3       100%        1
 Searing Ray              Conj           0%         2d4       100%        2
 Fulminant Prism          Conj/Hex       0%         3d5       100%        4


Dungeon Overview and Level Annotations

Branches:
Dungeon (3/15)

Altars:
Elyvilon
Fedhas
Gozag
Wu Jian
Yredelemnul

Annotations:
D:3 2 transporters, hgbash's ghost, weakling SpCj


Message History

An iguana comes into view.
The adder bites you.
The iguana hisses angrily.
You hit the adder.
The adder is heavily wounded.
The adder bites you but does no damage. You block the adder's attack.
You hit the adder but do no damage.
The adder is heavily wounded.
The adder barely misses you. You block the adder's attack.
You barely miss the adder.
The adder is heavily wounded.
You block the adder's attack. The adder bites you but does no damage.
You block the jelly's attack.
You barely miss the adder.
The adder is heavily wounded.
You slash the jelly!
Your hands burn!
You block the adder's attack. You block the jelly's attack.
The adder bites you but does no damage. The jelly hits you.
The acid corrodes you!
You are splashed with acid!
You closely miss the adder.
The adder is heavily wounded.
You hit the jelly. The acid corrodes you!
Your hands burn!
You closely miss the iguana. You block the adder's attack.
The adder barely misses you. The iguana bites you!
* * * LOW HITPOINT WARNING * * *
The jelly jiggles.
You block the jelly's attack. The adder bites you.
* * * LOW HITPOINT WARNING * * *
You are poisoned.
The adder poisons you! The iguana closely misses you.
You block the jelly's attack.
You barely miss the iguana. You hit the jelly but do no damage.
Your hands burn!
* * * LOW HITPOINT WARNING * * *
You hit the adder.
* * * LOW HITPOINT WARNING * * *
You feel sick. The adder bites you.
* * * LOW HITPOINT WARNING * * *
The iguana bites you!
You die...
Your body crumbles into a pile of gold.

#.... .♣.. #...♣ ...♣
#...♣♣...♣♣. #......_...
#...♣♣...♣ $
#######..♣.....
.......#.......JS$♣
.......#.......l@♣
.......#................
.......#................
.......#................
.......#................
.......#...##...########
#####'##...##...#
............#....
............# ..


You could see an iguana, a jelly and an adder.

Vanquished Creatures
  A hound (D:5)
  A gnoll (D:1)
  2 worms (D:2)
  2 dart slugs
  5 ball pythons
  3 endoplasms
  3 giant cockroaches
  5 hobgoblins
  2 quokkas (D:2)
  3 bats
  5 frilled lizards
  2 goblins (D:2)
  2 kobolds (D:1)
  A rat (D:1)
37 creatures vanquished.

Notes
Turn   | Place    | Note
-------+----------+-------------------------------------------
     0 | D:1      | p00ps00p the Hill Orc Fighter began the quest for the Orb.
     0 | D:1      | Reached XP level 1. HP: 19/19 MP: 1/1
   131 | D:1      | Reached XP level 2. HP: 27/27 MP: 2/2
   596 | D:1      | Reached XP level 3. HP: 33/33 MP: 3/3
  1367 | D:2      | Found a white marble altar of Elyvilon.
  1543 | D:3      | Found a transporter.
  1576 | D:3      | Found a transporter.
  1579 | D:3      | Noticed hgbash's ghost (weakling SpCj)
  1652 | D:3      | Reached XP level 4. HP: 41/41 MP: 4/4
  1658 | D:3      | Found an ornate altar of the Wu Jian Council.
  1722 | D:3      | You fall into a shaft and drop 2 floors!
  1722 | D:5      | Entered Level 5 of the Dungeon
  1749 | D:5      | Found an opulent altar of Gozag.
  1749 | D:5      | Found a basalt altar of Yredelemnul.
  1753 | D:5      | Became a worshipper of Gozag Ym Sagoz the Greedy
  1877 | D:5      | Found a blossoming altar of Fedhas.
  1885 | D:5      | HP: 2/41 [adder (1)]
  1885 | D:5      | Mangled by an iguana

Illustrated notes

Levels and vault maps discovered:
D:1:      elethiomel_arrival_infinity_welcomes_careful_drivers, layout_rooms,
          hex_large
D:2:      layout_loops_cross, basic_altar
D:3:      layout_rooms, lemuel_tele_altar, gammafunk_ghost_mausoleum
D:5:      layout_gridville, mainiacjoe_overflow_small_starburst,
          gammafunk_temple_overflow_elements, uniq_grinder, uniq_eustachio,
          uniq_pikel

Skill      XL: |  1  2  3  4 |
---------------+-------------+-----
Axes           | 3 |  3.8
Fighting       | 4 |  4.5
Armour         | 4 |  4.0
Shields        | |  3.9

Action                   |  1- 3 |  4- 6 || total
-------------------------+-------+-------++-------
Melee: War axe           |    97 |    11 ||   108
  Use: Scroll            |    11 |       ||    11
Armor: Scale mail        |    38 |     7 ||    45
Dodge: Dodged            |    21 |     4 ||    25
Block: Buckler           |     7 |       ||     7
       Tower shield      |    35 |    12 ||    47

Table legend: (Time is in decaauts)
 A = Elapsed time spent in this place.
 B = Non-inter-level travel time spent in this place.
 C = Inter-level travel time spent in this place.
 D = Time resting spent in this place.
 E = Time spent auto-exploring this place.
 F = Levels seen in this place.
 G = Mean time per level.
                   A        B        C        D        E       F      G
               +--------+--------+--------+--------+--------+-----+--------+
         Total |   1948 |   1901 |     47 |      0 |   1499 |   4 |  487.0 |
       Dungeon |   1948 |   1901 |     47 |      0 |   1499 |   4 |  487.0 |
               +--------+--------+--------+--------+--------+-----+--------+

Top non-repeatable levels by time:
     D:1: 809 daAuts
     D:2: 659 daAuts
     D:3: 310 daAuts
     D:5: 169 daAuts
